 Dungeon Crawl Stone Soup version 0.28-a0-1567-g1695149f81 (webtiles) character file.

Game seed: 7690528145151598154

275 southernslant the Skirmisher (level 6, -25/52 HPs)
             Began as a Draconian Fighter on Jan 20, 2022.
             Killed from afar by Ijyb (35 damage)
             ... with a bolt of acid
             ... on level 3 of the Dungeon.
             The game lasted 00:04:23 (2623 turns).

southernslant the Skirmisher (Draconian Fighter)    Turns: 2623, Time: 00:04:24

Health: -25/52     AC:  3    Str: 20    XL:     6   Next: 3%
Magic:  6/6        EV: 12    Int:  9    God:
Gold:   87         SH:  4    Dex: 10    Spells: 5/5 levels left

rFire   . . .      SeeInvis .   a - +0 trident
rCold   . . .      Faith    .   b - +0 buckler
rNeg    . . .      Spirit   .   (armour unavailable)
rPois   .          Reflect  .   (helmet restricted)
rElec   .          Harm     .   (no cloak)
rCorr   .          Rampage  .   m - +0 pair of gloves
Will    .....                   (no boots)
Stlth   ++........              (no amulet)
HPRegen 0.17/turn               (no ring)
MPRegen 0.10/turn               (no ring)

@: mighty, corroded
A: AC +6, unfitting armour, cold-blooded
a: no special abilities


You were on level 3 of the Dungeon.
You visited 1 branch of the dungeon, and saw 3 of its levels.

You collected 87 gold pieces.

Inventory:

Hand Weapons
 a - a +0 trident (weapon)
Missiles
 f - 58 stones (quivered)
Armour
 b - a +0 buckler (worn)
 m - a +0 pair of gloves (worn)
Jewellery
 h - an amulet of magic regeneration
Scrolls
 d - a scroll of magic mapping {unknown}
 e - a scroll of teleportation {unknown}
 g - a scroll of identify {unknown}
 i - 2 scrolls of silence {unknown}
Potions
 j - 2 potions of curing {unknown}
 k - 3 potions of haste {unknown}
 l - 2 potions of heal wounds {unknown}


   Skills:
 + Level 3.9 Fighting
 * Level 3.6 Polearms
 + Level 1.5 Throwing
 * Level 3.9 Dodging
 + Level 1.6 Stealth
 * Level 3.6 Shields
 + Level 0.0 Spellcasting
 * Level 0.2 Necromancy


You had 5 spell levels left.
You didn't know any spells.
Your spell library contained the following spells:

 Spells                   Type           Power      Damage    Failure   Level
 Animate Skeleton         Necr           0%         N/A       43%         1
 Pain                     Necr           0%         1d4       43%         1
 Static Discharge         Conj/Air       0%         N/A       63%         2
 Vampiric Draining        Necr           0%         2d6       82%         3
 Summon Guardian Golem    Hex/Summ       0%         N/A       85%         3
 Dispel Undead            Necr           0%         3d6       99%         4
 Sticky Flame             Conj/Fire      0%         2d3       99%         4
 Orb of Destruction       Conj           0%         9d5       100%        7
 Spellforged Servitor     Conj/Summ      0%         N/A       100%        7


Dungeon Overview and Level Annotations

Branches:
Dungeon (3/15)

Altars:

Annotations:
D:3 Ijyb


Innate Abilities, Weirdness & Mutations

Your plain brown scales are hard. (AC +6)
You cannot fit into any form of body armour.
You are cold-blooded and may be slowed by cold attacks.


Message History

Ijyb the Twisted Goblin comes into view.
She is wielding a +0 club and carrying a wand of acid (9).
You hear the slow rusting of a very distant drain.
Ijyb shouts!
You miss Ijyb.
Ijyb zaps a wand.
The bolt of acid hits you! The acid corrodes you!
You hit Ijyb but do no damage.
Your tail-slap misses Ijyb.
Ijyb zaps a wand.
The bolt of acid hits you!!
You barely miss Ijyb. Ijyb hits you with a +0 club.
* * * LOW HITPOINT WARNING * * *
You hit Ijyb.
Ijyb is lightly wounded.
Ijyb barely misses you.
You hit Ijyb.
Your tail-slap misses Ijyb.
Ijyb is heavily wounded.
Ijyb hits you with a +0 club.
* * * LOW HITPOINT WARNING * * *
Ijyb screams, "No!
No, no, no, no!"
Ijyb misses you.
You hit Ijyb but do no damage.
Ijyb is heavily wounded.
Ijyb closely misses you.
You barely miss Ijyb.
Your tail-slap misses Ijyb.
Ijyb is heavily wounded.
Ijyb hits you but does no damage.
You feel very mighty all of a sudden.
Ijyb zaps a wand.
The bolt of acid misses you.
You barely miss Ijyb.
Ijyb is moderately wounded.
You block Ijyb's attack.
You closely miss Ijyb.
Ijyb is moderately wounded.
Ijyb barely misses you.
You closely miss Ijyb.
Ijyb is moderately wounded.
Ijyb closely misses you.
You closely miss Ijyb. You tail-slap Ijyb.
Ijyb is heavily wounded.
Ijyb closely misses you.
Ijyb zaps a wand.
The bolt of acid hits you!!
Ouch! That really hurt!
You die...

#.#
#.#
#.#
#.####
#....#
####.#
#.#
#.#
#@#
#g#
#.#
#.#
#.#
#.#
#..
###


You could see Ijyb.

Vanquished Creatures
  Sigmund (D:2)
  4 gnolls (D:2)
  2 adders
  4 dart slugs
  8 ball pythons
  A bat (D:2)
  5 endoplasms
  6 giant cockroaches
  5 hobgoblins
  2 jackals (D:2)
  3 quokkas
  2 frilled lizards (D:1)
  4 goblins
  4 kobolds
  4 rats
55 creatures vanquished.

Vanquished Creatures (others)
  5 toadstools (D:1)
5 creatures vanquished.

Grand Total: 60 creatures vanquished

Notes
Turn   | Place    | Note
-------+----------+-------------------------------------------
     0 | D:1      | southernslant the Draconian Fighter began the quest for the
                  | Orb.
     0 | D:1      | Reached XP level 1. HP: 19/19 MP: 1/1
   258 | D:1      | Reached XP level 2. HP: 21/26 MP: 2/2
   454 | D:1      | Found a faded altar of an unknown god.
   670 | D:1      | Reached XP level 3. HP: 31/31 MP: 3/3
  1505 | D:2      | Reached XP level 4. HP: 14/39 MP: 4/4
  1711 | D:2      | Noticed Sigmund
  1727 | D:2      | Killed Sigmund
  1728 | D:2      | Reached skill level 1 in Throwing
  1728 | D:2      | Reached skill level 1 in Stealth
  1728 | D:2      | Reached XP level 5. HP: 36/46 MP: 5/5
  2589 | D:3      | Reached XP level 6. HP: 52/52 MP: 6/6
  2608 | D:3      | Noticed Ijyb
  2623 | D:3      | Killed from afar by Ijyb

Illustrated notes

Levels and vault maps discovered:
D:1:      ldierk_walled_garden, layout_basic,
          shapermc_ecumenical_altar_totnotflames, moated_statue,
          amcnicky_mini_corridor_feature, roderic_lattice_a
D:2:      layout_loops_corners, uniq_sigmund
D:3:      layout_loops_ring, gup_sewer_entry_bubbles, minmay_joined_circles,
          uniq_ijyb, uniq_crazy_yiuf_cottage

Skill      XL: |  1  2  3  4 |
---------------+-------------+-----
Dodging        | 3 |  3.9
Polearms       | 3 |  3.6
Throwing       | 1 |  1.5
Stealth        | 1 |  1.6
Fighting       | |  3.9
Shields        | |  3.6
Necromancy     | |  0.2

Action                   |  1- 3 |  4- 6 || total
-------------------------+-------+-------++-------
Melee: Trident           |    84 |    79 ||   163
       Tailslap          |     7 |     6 ||    13
  Use: Potion            |       |     1 ||     1
 Stab: Distracted        |     1 |     1 ||     2
       Sleeping          |       |     2 ||     2
Armor: Skin              |    14 |    11 ||    25
Dodge: Dodged            |    39 |    43 ||    82
Block: Buckler           |     7 |    15 ||    22

Table legend: (Time is in decaauts)
 A = Elapsed time spent in this place.
 B = Non-inter-level travel time spent in this place.
 C = Inter-level travel time spent in this place.
 D = Time resting spent in this place.
 E = Time spent auto-exploring this place.
 F = Levels seen in this place.
 G = Mean time per level.
                   A        B        C        D        E       F      G
               +--------+--------+--------+--------+--------+-----+--------+
         Total |   2657 |   2587 |     70 |      0 |   2137 |   3 |  885.7 |
       Dungeon |   2657 |   2587 |     70 |      0 |   2137 |   3 |  885.7 |
               +--------+--------+--------+--------+--------+-----+--------+

Top non-repeatable levels by time:
     D:1: 1401 daAuts
     D:2: 1189 daAuts
     D:3: 66 daAuts
